 Dungeon Crawl Stone Soup version 0.18-a0-1805-g8ab820f (webtiles) character file.

277 graki42 the Magician (level 6, 0/32 HPs)
             Began as a Deep Elf Ice Elementalist on Apr 27, 2016.
             Slain by a phantom (9 damage)
             ... on level 4 of the Dungeon.
             The game lasted 01:18:35 (3510 turns).

graki42 the Magician (Deep Elf Ice Elementalist)    Turns: 3510, Time: 01:18:35

Health: 0/32       AC:  2    Str: 12    XL:     6   Next: 4%
Magic:  8/16       EV: 13    Int: 20    God:
Gold:   108        SH:  0    Dex: 15    Spells: 4 memorised, 4 levels left

rFire  . . .     SeeInvis .     (no weapon)
rCold  . . .     Gourm    .     a - +0 robe
rNeg   . . .     Faith    .     (no shield)
rPois  .         Spirit   .     (no helmet)
rElec  .         Dismiss  .     (no cloak)
rCorr  .         Reflect  .     (no gloves)
SustAt .         Harm     .     (no boots)
MR     .....                    (no amulet)
Stlth  ++........               (no ring)
                                (no ring)

@: mighty, not resistant to hostile enchantments, unstealthy
A: no striking features
a: no special abilities


You were on level 4 of the Dungeon.
You were not hungry.

You visited 1 branch of the dungeon, and saw 4 of its levels.

You collected 108 gold pieces.

Inventory:

Missiles
 l - a throwing net (quivered)
Armour
 a - a +0 robe (worn)
Wands
 s - a wand of iceblast (5/15)
Scrolls
 g - a scroll of enchant armour {unknown}
 i - a scroll of fear {unknown}
 j - 2 scrolls of remove curse
 m - a scroll of magic mapping {unknown}
 o - a scroll of blinking {unknown}
 p - 2 scrolls of teleportation {unknown}
 r - 2 scrolls of identify {unknown}
 u - a scroll of enchant weapon {unknown}
Potions
 d - a potion of ambrosia {unknown}
 e - a potion of curing {unknown}
 f - a potion of heal wounds {unknown}
 h - 2 potions of degeneration {unknown}
 k - 3 potions of cancellation
 q - a potion of flight {unknown}
 v - 2 potions of lignification {unknown}
 x - a potion of invisibility {unknown}
Books
 b - a book of Frost

   Spells                             Type                      Level
   a - Freeze                         Ice                          1
   b - Throw Frost                    Conjuration/Ice              2
   c - Ozocubu's Armour               Charms/Ice                   3
   d - Throw Icicle                   Conjuration/Ice              4
   e - Summon Ice Beast               Ice/Summoning                4
Comestibles
 c - 5 bread rations
 w - a beef jerky


   Skills:
 + Level 3.4 Dodging
 + Level 3.2 Stealth
 + Level 5.8 Spellcasting
 * Level 1.5 Conjurations
 + Level 0.4 Charms
 * Level 1.0 Summonings
 + Level 5.0 Ice Magic


You had 4 spell levels left.
You knew the following spells:

 Your Spells              Type           Power        Failure   Level  Hunger
a - Freeze                Ice            ####         1%          1    None
b - Ozocubu's Armour      Chrm/Ice       ###.....     12%         3    ##.....
c - Throw Icicle          Conj/Ice       ###.....     30%         4    ####...
d - Summon Ice Beast      Ice/Summ       ###.....     30%         4    ####...


Dungeon Overview and Level Annotations

Branches:
Dungeon (4/15)
 Temple: D:4-7

Altars:


Message History

The phantom is moderately damaged.
Your ice beast barely misses the phantom.
The phantom closely misses you.
Read which item? (? for menu, Esc to quit)
As you read the scroll labeled XIDOMO FEPSEA, it crumbles to dust.
You feel blessed for a moment.
It was a scroll of remove curse.
Your ice beast barely misses the phantom.
The phantom closely misses you.
Read which item? (? for menu, Esc to quit)
Okay, then.
Drink which item? (? for menu, Esc to quit)
It was a potion of cancellation.
You feel magically purged.
Your ice beast closely misses the phantom.
The phantom barely misses you.
Drink which item? (? for menu, Esc to quit)
It was a potion of might.
You feel very mighty all of a sudden.
Your ice beast barely misses the phantom.
The phantom hits you!
You die...

.........[....##
......(..)##...#
....)...####...##
....)(###
#....### .
...>)).#
#......####..
....$..#
#.<..........
......##
##............
......#
#.............
.....##
#<....@.......
.....#
#.......W......
......
#.......Y.......
.....
......####.......
......## .....##
.(...# >...##
....# ...## ..##


You could see a phantom and a friendly ice beast.

Vanquished Creatures
  An orc wizard (D:3)
  2 worker ants (D:4)
  A hound skeleton (D:4)
  3 adders (D:3)
  An ooze (D:1)
  A worm (D:2)
  4 dart slugs
  3 giant geckos (D:3)
  16 orcs
  5 giant cockroaches
  8 hobgoblins
  12 jackals
  2 quokkas (D:2)
  2 ball pythons
  10 bats
  5 giant newts
  8 goblins
  8 kobolds
  A rat (D:2)
93 creatures vanquished.

Vanquished Creatures (collateral kills)
  A howler monkey (D:4)
  An orc wizard (D:4)
  A giant gecko (D:4)
  An orc (D:4)
4 creatures vanquished.

Grand Total: 97 creatures vanquished

Notes
Turn   | Place    | Note
--------------------------------------------------------------
     0 | D:1      | graki42 the Deep Elf Ice Elementalist began the quest for the Orb.
     0 | D:1      | Reached XP level 1. HP: 10/10 MP: 6/6
   170 | D:1      | Reached XP level 2. HP: 15/15 MP: 6/8
   710 | D:1      | Reached XP level 3. HP: 17/19 MP: 8/10
   933 | D:1      | Learned a level 3 spell: Ozocubu's Armour
  2022 | D:3      | Reached XP level 4. HP: 24/24 MP: 7/12
  2047 | D:3      | Learned a level 4 spell: Throw Icicle
  2253 | D:3      | Reached skill level 5 in Spellcasting
  2407 | D:3      | Learned a level 4 spell: Summon Ice Beast
  2532 | D:3      | Reached XP level 5. HP: 28/28 MP: 12/14
  3300 | D:4      | Reached skill level 5 in Ice Magic
  3304 | D:4      | Noticed a phantom
  3307 | D:4      | Reached XP level 6. HP: 22/32 MP: 0/16
  3391 | D:3      | Reached skill level 1 in Summonings
  3510 | D:4      | Slain by a phantom

Vault maps used:
D:1:      dpeg_arrival_court, hangedman_feature_mirror
D:2:      first_bread
D:3:      kennysheep_six_static_rooms
D:4:      elyvilon_altar_1, minmay_temple_entry_trees

Skill      XL: |  1  2  3  4  5  6 |
---------------+-------------------+-----
Spellcasting   | 4 5 |  5.8
Ice Magic      | 4 5 |  5.0
Dodging        | 3 |  3.4
Stealth        | 3 |  3.2
Summonings     | 1 |  1.0
Conjurations   | |  1.5
Charms         | |  0.4

Action                   |  1- 3 |  4- 6 || total
-------------------------+-------+-------++-------
Melee: Unarmed           |     1 |    14 ||    15
 Cast: Freeze            |    81 |    80 ||   161
       Ozocubu's Armour  |     1 |     4 ||     5
       Summon Ice Beast  |       |     2 ||     2
  Use: Potion            |       |     2 ||     2
       Scroll            |       |     1 ||     1
 Stab: Distracted        |       |     1 ||     1
  Eat: Chunk             |     2 |     6 ||     8
Armor: Robe              |    10 |    17 ||    27
Dodge: Dodged            |    44 |    61 ||   105
